TOP OF THE 1ST |
Delmarva Shorebirds batting - Pitching for Burlington Bees : RHP Humberto Paniagua
|
Pitching: RHP Humberto Paniagua
|
|
Batting: RHB Michel Kamphuis
|
0-0: Foul Ball, location: 2F 0-1: Ball 1-1: Foul Ball, location: 2F 1-2: Ball 2-2: Ball 3-2: SINGLE (Groundball, 4S, EV 71.9 MPH) (infield hit)
|
Batting: RHB Francisco Viera
|
0-0: Ball Michel Kamphuis is caught stealing 2nd base 2-4 1-0: Fly out, F8 (Line Drive, 8RM, EV 88.1 MPH)
|
Batting: LHB Pat Shaddock
|
0-0: Foul Ball, location: 2F 0-1: Foul Ball, location: 2F 0-2: Ball 1-2: Ball 2-2: Fly out, F9 (Line Drive, 9, EV 85.0 MPH)
|
Top of the 1st over - 0 runs, 1 hit, 0 errors, 0 left on base; Delmarva 0 - Burlington 0 |
BOTTOM OF THE 1ST |
Burlington Bees batting - Pitching for Delmarva Shorebirds : RHP Tim Kull
|
Pitching: RHP Tim Kull
|
|
Batting: RHB Jonathan Ellis
|
0-0: Ball 1-0: Single, Error in OF, E7, batter to second base (Groundball, 6D, EV 106.3 MPH)
|
Batting: RHB Ryan Munro
|
0-0: Ground out 6-3 (Groundball, 6, EV 86.9 MPH) Jonathan Ellis to third
|
Batting: RHB Luis Romero
|
0-0: Called Strike 0-1: Foul Ball, location: 2F 0-2: Ball 1-2: Strikes out swinging
|
Batting: LHB Rusty Ney
|
0-0: Ground out 1-3 (Groundball, 13S, EV 70.0 MPH)
|
Bottom of the 1st over - 0 runs, 1 hit, 1 error, 1 left on base; Delmarva 0 - Burlington 0 |
TOP OF THE 2ND |
Delmarva Shorebirds batting - Pitching for Burlington Bees : RHP Humberto Paniagua
|
Batting: LHB Andrew Erens
|
0-0: Ball 1-0: Called Strike 1-1: Ball 2-1: Called Strike 2-2: Ground out U3 (Groundball, 3, EV 81.9 MPH)
|
Batting: SHB Justin Toth
|
0-0: Called Strike 0-1: Fly out, F7 (Flyball, 7S, EV 88.1 MPH)
|
Batting: SHB Ryan Palermo
|
0-0: Ball 1-0: Ball 2-0: Called Strike 2-1: Foul Ball, location: 2F 2-2: Strikes out looking
|
Top of the 2nd over - 0 runs, 0 hits, 0 errors, 0 left on base; Delmarva 0 - Burlington 0 |
BOTTOM OF THE 2ND |
Burlington Bees batting - Pitching for Delmarva Shorebirds : RHP Tim Kull
|
Batting: LHB Bill Kirtley
|
0-0: Ground out 6-3 (Groundball, 6M, EV 100.6 MPH)
|
Batting: RHB Ryuji Ito
|
0-0: Fly out, F7 (Flyball, 78M, EV 87.5 MPH)
|
Batting: LHB Jorge Zermeno
|
0-0: Swinging Strike 0-1: Called Strike 0-2: Strikes out swinging
|
Bottom of the 2nd over - 0 runs, 0 hits, 0 errors, 0 left on base; Delmarva 0 - Burlington 0 |
TOP OF THE 3RD |
Delmarva Shorebirds batting - Pitching for Burlington Bees : RHP Humberto Paniagua
|
Batting: RHB Willie Manrique
|
0-0: Fly out, F9 (Flyball, 9LD, EV 86.9 MPH)
|
Batting: LHB Momoru Yasui
|
0-0: Called Strike 0-1: Called Strike 0-2: Ball 1-2: Strikes out swinging
|
Batting: RHB Adam Swimmer
|
0-0: Ball 1-0: Ball 2-0: Foul Ball, location: 2F 2-1: Ball 3-1: DOUBLE (Flyball, 8RXD, EV 105.0 MPH)
|
Batting: RHB Michel Kamphuis
|
0-0: Foul Ball, location: 2F 0-1: Ball 1-1: Ground out 5-3 (Groundball, 56S, EV 86.3 MPH)
|
Top of the 3rd over - 0 runs, 1 hit, 0 errors, 1 left on base; Delmarva 0 - Burlington 0 |
BOTTOM OF THE 3RD |
Burlington Bees batting - Pitching for Delmarva Shorebirds : RHP Tim Kull
|
Batting: RHB Greg Burdine
|
0-0: Ground out 5-3 (Groundball, 5, EV 82.5 MPH)
|
Batting: RHB Andy White
|
0-0: Ball 1-0: SINGLE (Groundball, P, EV 90.0 MPH) (infield hit)
|
Batting: RHB Jonathan Ellis
|
0-0: Fly out, F8 (Flyball, 78XD, EV 102.5 MPH)
|
Batting: RHB Ryan Munro
|
0-0: Fly out, F9 (Flyball, 89M, EV 95.0 MPH)
|
Bottom of the 3rd over - 0 runs, 1 hit, 0 errors, 1 left on base; Delmarva 0 - Burlington 0 |
TOP OF THE 4TH |
Delmarva Shorebirds batting - Pitching for Burlington Bees : RHP Humberto Paniagua
|
Batting: RHB Francisco Viera
|
0-0: Ball 1-0: Ball 2-0: Ball 3-0: Called Strike 3-1: Base on Balls
|
Batting: LHB Pat Shaddock
|
0-0: Called Strike 0-1: Ball 1-1: Fly out, F7 (Flyball, 78M, EV 86.9 MPH)
|
Batting: LHB Andrew Erens
|
0-0: Ball 1-0: Called Strike 1-1: Called Strike 1-2: Ball Francisco Viera steals 2nd base (no throw) 2-2: Fly out, F6 (Popup, 6, EV 57.5 MPH)
|
Batting: SHB Justin Toth
|
0-0: Ball 1-0: Ball 2-0: Ball 3-0: Base on Balls
|
Batting: SHB Ryan Palermo
|
0-0: Called Strike 0-1: Ball 1-1: Ball 2-1: Swinging Strike 2-2: Foul Ball, location: 2F 2-2: Foul Ball, location: 2F 2-2: Ball 3-2: Strikes out swinging
|
Top of the 4th over - 0 runs, 0 hits, 0 errors, 2 left on base; Delmarva 0 - Burlington 0 |
BOTTOM OF THE 4TH |
Burlington Bees batting - Pitching for Delmarva Shorebirds : RHP Tim Kull
|
Batting: RHB Luis Romero
|
0-0: Called Strike 0-1: Called Strike 0-2: Hit by Pitch
|
Batting: LHB Rusty Ney
|
0-0: Hit by Pitch Luis Romero to second
|
Pinch Runner at 1st Ben Herman:
|
|
Batting: LHB Bill Kirtley
|
0-0: Ball 1-0: Called Strike 1-1: Ball 2-1: DOUBLE (Flyball, 78XD, EV 111.9 MPH) Luis Romero scores Ben Herman to third
|
Batting: RHB Ryuji Ito
|
0-0: Swinging Strike 0-1: Ball 1-1: Swinging Strike Passed Ball! Ben Herman scores Bill Kirtley to third 1-2: Fly out, F8 (Line Drive, 8RM, EV 91.3 MPH)
|
Batting: LHB Jorge Zermeno
|
0-0: Called Strike 0-1: Ball 1-1: Ball 2-1: Called Strike 2-2: Ball 3-2: Foul Ball, location: 2F 3-2: Base on Balls
|
Batting: RHB Greg Burdine
|
0-0: Swinging Strike 0-1: Called Strike 0-2: Strikes out swinging
|
Batting: RHB Andy White
|
0-0: Fly out, F3 (Line Drive, 3, EV 68.8 MPH)
|
Bottom of the 4th over - 2 runs, 1 hit, 0 errors, 2 left on base; Delmarva 0 - Burlington 2 |
TOP OF THE 5TH |
Delmarva Shorebirds batting - Pitching for Burlington Bees : RHP Humberto Paniagua
|
Now in CF: Ben Herman
|
|
Batting: RHB Willie Manrique
|
0-0: Ground out 6-3 (Groundball, 6M, EV 84.4 MPH)
|
Batting: LHB Momoru Yasui
|
0-0: Hit by Pitch
|
Batting: RHB Adam Swimmer
|
0-0: Ball 1-0: Fly out, F7 (Flyball, 7S, EV 85.0 MPH)
|
Batting: RHB Michel Kamphuis
|
0-0: Ball 1-0: Swinging Strike 1-1: Called Strike 1-2: Foul Ball, location: 2F 1-2: Strikes out swinging
|
Top of the 5th over - 0 runs, 0 hits, 0 errors, 1 left on base; Delmarva 0 - Burlington 2 |
BOTTOM OF THE 5TH |
Burlington Bees batting - Pitching for Delmarva Shorebirds : RHP Tim Kull
|
Batting: RHB Jonathan Ellis
|
0-0: Ground out 4-3 (Groundball, 4, EV 87.5 MPH)
|
Batting: RHB Ryan Munro
|
0-0: SINGLE (Groundball, 4M, EV 108.1 MPH) (infield hit)
|
Batting: RHB Luis Romero
|
0-0: Called Strike 0-1: Ball 1-1: Ball 2-1: Ball Ryan Munro steals 2nd base 3-1: Called Strike 3-2: Strikes out looking
|
Batting: RHB Ben Herman
|
0-0: Called Strike 0-1: Ball 1-1: Swinging Strike 1-2: Strikes out swinging
|
Bottom of the 5th over - 0 runs, 1 hit, 0 errors, 1 left on base; Delmarva 0 - Burlington 2 |
TOP OF THE 6TH |
Delmarva Shorebirds batting - Pitching for Burlington Bees : RHP Humberto Paniagua
|
Batting: RHB Francisco Viera
|
0-0: Swinging Strike 0-1: Ground out 4-3 (Groundball, 4, EV 89.4 MPH)
|
Batting: LHB Pat Shaddock
|
0-0: Ball 1-0: Ball 2-0: Called Strike 2-1: Foul Ball, location: 2F 2-2: Fly out, F8 (Flyball, 8RD, EV 86.9 MPH)
|
Batting: LHB Andrew Erens
|
0-0: Called Strike 0-1: Ball 1-1: Fly out, F9 (Flyball, 89XD, EV 106.3 MPH)
|
Top of the 6th over - 0 runs, 0 hits, 0 errors, 0 left on base; Delmarva 0 - Burlington 2 |
BOTTOM OF THE 6TH |
Burlington Bees batting - Pitching for Delmarva Shorebirds : RHP Tim Kull
|
Batting: LHB Bill Kirtley
|
0-0: Foul Ball, location: 2F 0-1: Ball 1-1: Ball 2-1: Reached on error, E5 (Groundball, 6, EV 84.4 MPH)
|
Batting: RHB Ryuji Ito
|
0-0: Ball 1-0: Foul Ball, location: 2F 1-1: Ball 2-1: Foul Ball, location: 2F 2-2: Fly out, F7 (Flyball, 7LD, EV 90.0 MPH)
|
Batting: LHB Jorge Zermeno
|
0-0: SINGLE (Groundball, 3, EV 88.1 MPH) (infield hit) Bill Kirtley to second
|
Batting: RHB Greg Burdine
|
0-0: SINGLE (Groundball, 6MD, EV 104.4 MPH) Bill Kirtley to third Jorge Zermeno to second Runner from 3rd tries for Home, SAFE, throw by CF to home
|
Batting: RHB Andy White
|
0-0: Called Strike 0-1: Ball 1-1: Foul Ball, location: 2F 1-2: Ball 2-2: Grounds into double play, 4-6-3 (Groundball, 4, EV 88.8 MPH)
|
Bottom of the 6th over - 1 run, 2 hits, 1 error, 1 left on base; Delmarva 0 - Burlington 3 |
TOP OF THE 7TH |
Delmarva Shorebirds batting - Pitching for Burlington Bees : RHP Humberto Paniagua
|
Pitching: LHP Tyler Kenney
|
|
Batting: SHB Justin Toth
|
0-0: Fly out, F8 (Line Drive, 8RM, EV 90.0 MPH)
|
Batting: SHB Ryan Palermo
|
0-0: Foul Ball, location: 2F 0-1: Ball 1-1: Swinging Strike 1-2: Foul Ball, location: 2F 1-2: Foul Ball, location: 2F 1-2: Fly out, F8 (Flyball, 8LD, EV 98.8 MPH)
|
Batting: RHB Willie Manrique
|
0-0: Ball 1-0: Called Strike 1-1: Foul Ball, location: 2F 1-2: Ground out 3-1 (Groundball, 34, EV 91.3 MPH)
|
Top of the 7th over - 0 runs, 0 hits, 0 errors, 0 left on base; Delmarva 0 - Burlington 3 |
BOTTOM OF THE 7TH |
Burlington Bees batting - Pitching for Delmarva Shorebirds : RHP Tim Kull
|
Batting: RHB Jonathan Ellis
|
0-0: Ball 1-0: Fly out, F8 (Flyball, 8RS, EV 78.8 MPH)
|
Batting: RHB Ryan Munro
|
0-0: Ball 1-0: Fly out, F7 (Flyball, 78D, EV 85.0 MPH)
|
Batting: RHB Luis Romero
|
0-0: SINGLE (Groundball, 6MD, EV 96.3 MPH)
|
Batting: RHB Ben Herman
|
0-0: Ball 1-0: Ball Luis Romero steals 2nd base 2-0: Foul Ball, location: 2F 2-1: Reached on error, E6 (Groundball, 6, EV 91.3 MPH) Luis Romero to third
|
Batting: LHB Bill Kirtley
|
0-0: Ball 1-0: Called Strike 1-1: Fly out, F8 (Flyball, 8RXD, EV 99.4 MPH)
|
Bottom of the 7th over - 0 runs, 1 hit, 1 error, 2 left on base; Delmarva 0 - Burlington 3 |
TOP OF THE 8TH |
Delmarva Shorebirds batting - Pitching for Burlington Bees : LHP Tyler Kenney
|
Batting: LHB Momoru Yasui
|
0-0: Called Strike 0-1: Ball 1-1: Foul Ball, location: 2F 1-2: Ball 2-2: Ground out U3 (Groundball, 3, EV 86.3 MPH)
|
Batting: RHB Adam Swimmer
|
0-0: Called Strike 0-1: Swinging Strike 0-2: Ball 1-2: Foul Ball, location: 2F 1-2: Foul Ball, location: 2F 1-2: Foul Ball, location: 2F 1-2: Ball 2-2: Ball 3-2: Foul Ball, location: 2F 3-2: Foul Ball, location: 2F 3-2: Ground out 6-3 (Groundball, 6M, EV 82.5 MPH)
|
Batting: RHB Michel Kamphuis
|
0-0: Ball 1-0: Called Strike 1-1: Ball 2-1: Ground out 1-3 (Groundball, 13S, EV 78.1 MPH)
|
Top of the 8th over - 0 runs, 0 hits, 0 errors, 0 left on base; Delmarva 0 - Burlington 3 |
BOTTOM OF THE 8TH |
Burlington Bees batting - Pitching for Delmarva Shorebirds : RHP Tim Kull
|
Pitching: RHP Toshiyuki Funaki
|
|
Batting: RHB Ryuji Ito
|
0-0: Ball 1-0: Called Strike 1-1: Ground out 5-3 (Groundball, 56S, EV 70.6 MPH)
|
Batting: LHB Jorge Zermeno
|
0-0: Ball 1-0: Foul Ball, location: 2F 1-1: Swinging Strike 1-2: Ball 2-2: Foul Ball, location: 2F 2-2: Foul Ball, location: 2F 2-2: Foul Ball, location: 2F 2-2: Ball 3-2: Hit by Pitch
|
Batting: RHB Greg Burdine
|
0-0: Ball 1-0: Fielders Choice at 2nd, 3-6 (Groundball, 34, EV 78.8 MPH)
|
Batting: RHB Andy White
|
0-0: Hit by Pitch Greg Burdine to second
|
Batting: RHB Jonathan Ellis
|
0-0: Called Strike 0-1: Ball 1-1: Called Strike 1-2: Ball 2-2: Strikes out swinging
|
Bottom of the 8th over - 0 runs, 0 hits, 0 errors, 2 left on base; Delmarva 0 - Burlington 3 |
TOP OF THE 9TH |
Delmarva Shorebirds batting - Pitching for Burlington Bees : LHP Tyler Kenney
|
Pitching: RHP Trece Hunter
|
|
Batting: RHB Francisco Viera
|
0-0: Ball 1-0: Foul Ball, location: 2F 1-1: Called Strike 1-2: Strikes out swinging
|
Batting: LHB Pat Shaddock
|
0-0: Ball 1-0: Ball 2-0: Called Strike 2-1: Ball 3-1: Base on Balls
|
Batting: LHB Andrew Erens
|
0-0: Ball 1-0: Foul Ball, location: 2F 1-1: Swinging Strike 1-2: Fly out, F4 (Popup, 4, EV 76.9 MPH)
|
Batting: SHB Justin Toth
|
0-0: Called Strike 0-1: Ball 1-1: Ball 2-1: Foul Ball, location: 2F 2-2: Foul Ball, location: 2F 2-2: Ground out 4-3 (Groundball, 4, EV 84.4 MPH)
|
Top of the 9th over - 0 runs, 0 hits, 0 errors, 1 left on base; Delmarva 0 - Burlington 3 |
|